[ PARTIDA AOE2 · #506477490 ]
UnrankedWei vs Celts
Equipo del jugador · DERR
Equipo rival · VICT
[ ANÁLISIS DE REPETICIÓN · EXTRAÍDO DE LA PARTIDA GRABADA ]
Feudal
8:53
Castillos
—
Imperial
—
| APM promedio | 58.3 |
| APM pico | 82 |
| eAPM promedio | 27.1 |
| Aldeanos / militares | 64 / 29 |
Foco
⚔️ 32.3% · 🌾 67.7%
Scout Cavalry ×18 · Archer ×11
Feudal
9:16
Castillos
25:24
Imperial
—
| APM promedio | 77.0 |
| APM pico | 113 |
| eAPM promedio | 39.6 |
| Aldeanos / militares | 48 / 40 |
Foco
⚔️ 61.8% · 🌾 38.2%
Militia ×37 · Spearman ×3
Mapa de la partida
Recursos iniciales + cada clic de construcción. Líneas = muros · curvas = relieve. ◆ oro · ⬟ piedra · ● bayas · ✦ reliquia · ◌ hueco del cierre
Tu base· Abierta — el rival se encerró
Base de nW | Sgt.Pepper· ✓ Cerrada en 25:24 · 49t muro · 1 puerta(s)
Terreno inicial suavizado · ◌ = hueco del cierre detectado · pasá el cursor para detalles
Inputs por minuto
— Dkastro - - nW | Sgt.Pepper
Build order — Dkastro
Primeras 150 de 169 acciones detectadas
| 0:01 | Crear | Villager (Male) |
| 0:01 | Crear | Villager (Male) |
| 0:02 | Construir | House |
| 0:04 | Construir | House |
| 0:09 | Crear | Villager (Male) |
| 0:09 | Crear | Villager (Male) |
| 1:26 | Crear | Villager (Male) |
| 1:26 | Crear | Villager (Male) |
| 1:52 | Construir | Lumber Camp |
| 1:58 | Crear | Villager (Male) |
| 2:13 | Crear | Villager (Male) |
| 2:43 | Crear | Villager (Male) |
| 2:43 | Crear | Villager (Male) |
| 3:08 | Crear | Villager (Male) |
| 3:08 | Crear | Villager (Male) |
| 3:37 | Crear | Villager (Male) |
| 3:37 | Crear | Villager (Male) |
| 3:40 | Crear | Villager (Male) |
| 3:40 | Crear | Villager (Male) |
| 3:51 | Construir | House |
| 4:27 | Construir | House |
| 4:28 | Construir | Palisade Wall |
| 4:29 | Construir | Palisade Wall |
| 4:29 | Construir | Palisade Wall |
| 4:34 | Crear | Villager (Male) |
| 4:34 | Crear | Villager (Male) |
| 5:12 | Construir | Mill |
| 5:15 | Crear | Villager (Male) |
| 5:48 | Crear | Villager (Male) |
| 5:51 | Investigar | Loom |
| 6:17 | Construir | Palisade Wall |
| 6:43 | Investigar | Feudal Age |
| 7:18 | Construir | Palisade Wall |
| 7:19 | Construir | Palisade Wall |
| 7:52 | Construir | Barracks |
| 8:40 | Crear | Villager (Male) |
| 8:53 | Edad | Edad Feudal |
| 8:58 | Construir | Stable |
| 9:10 | Investigar | Double-Bit Axe |
| 9:20 | Crear | Villager (Male) |
| 9:22 | Construir | House |
| 9:42 | Crear | Scout Cavalry |
| 9:47 | Crear | Villager (Male) |
| 9:49 | Construir | Farm |
| 9:57 | Crear | Villager (Male) |
| 10:00 | Crear | Scout Cavalry |
| 10:03 | Construir | Farm |
| 10:12 | Crear | Villager (Male) |
| 10:22 | Construir | Farm |
| 10:27 | Construir | Farm |
| 10:36 | Construir | Palisade Gate |
| 10:39 | Crear | Villager (Male) |
| 10:41 | Construir | Farm |
| 10:55 | Crear | Scout Cavalry |
| 10:57 | Construir | Farm |
| 11:11 | Crear | Villager (Male) |
| 11:13 | Construir | Farm |
| 11:24 | Construir | Farm |
| 11:34 | Crear | Villager (Male) |
| 11:44 | Crear | Villager (Male) |
| 11:59 | Crear | Villager (Male) |
| 12:09 | Construir | Palisade Wall |
| 12:15 | Investigar | Horse Collar |
| 12:16 | Crear | Villager (Male) |
| 12:19 | Construir | House |
| 12:22 | Investigar | Town Watch |
| 12:22 | Investigar | Town Watch |
| 12:35 | Crear | Villager (Male) |
| 12:41 | Construir | Market |
| 12:53 | Crear | Villager (Male) |
| 12:56 | Construir | House |
| 13:08 | Crear | Villager (Male) |
| 13:09 | Construir | Mining Camp |
| 13:34 | Crear | Villager (Male) |
| 13:36 | Construir | Farm |
| 13:39 | Crear | Villager (Male) |
| 13:46 | Crear | Villager (Male) |
| 13:53 | Construir | Farm |
| 14:00 | Construir | Farm |
| 14:09 | Crear | Villager (Male) |
| 14:20 | Construir | Palisade Wall |
| 14:27 | Crear | Villager (Male) |
| 14:33 | Construir | Farm |
| 14:46 | Crear | Villager (Male) |
| 14:54 | Crear | Villager (Male) |
| 15:05 | Construir | House |
| 15:06 | Construir | Palisade Wall |
| 15:10 | Construir | Palisade Wall |
| 15:13 | Construir | Palisade Wall |
| 15:14 | Construir | Palisade Wall |
| 15:30 | Crear | Villager (Male) |
| 15:58 | Crear | Scout Cavalry |
| 16:00 | Crear | Villager (Male) |
| 16:01 | Construir | Archery Range |
| 16:10 | Construir | Palisade Wall |
| 16:14 | Construir | Palisade Wall |
| 16:28 | Crear | Scout Cavalry |
| 16:31 | Crear | Villager (Male) |
| 16:32 | Construir | Palisade Wall |
| 16:38 | Construir | House |
| 16:41 | Crear | Villager (Male) |
| 16:44 | Construir | Farm |
| 16:45 | Construir | Farm |
| 16:46 | Construir | Lumber Camp |
| 16:53 | Construir | House |
| 17:07 | Construir | Farm |
| 17:17 | Crear | Scout Cavalry |
| 17:22 | Crear | Villager (Male) |
| 17:32 | Crear | Villager (Male) |
| 17:43 | Crear | Archer |
| 18:26 | Construir | House |
| 18:27 | Crear | Villager (Male) |
| 18:38 | Crear | Villager (Male) |
| 18:47 | Construir | Watch Tower |
| 19:11 | Crear | Archer |
| 19:24 | Crear | Archer |
| 19:27 | Crear | Villager (Male) |
| 19:44 | Crear | Villager (Male) |
| 19:47 | Construir | Blacksmith |
| 19:48 | Crear | Villager (Male) |
| 19:50 | Construir | Farm |
| 19:51 | Construir | Farm |
| 19:52 | Construir | Farm |
| 19:55 | Construir | Farm |
| 19:55 | Crear | Villager (Male) |
| 19:57 | Construir | Farm |
| 20:07 | Crear | Scout Cavalry |
| 20:12 | Crear | Scout Cavalry |
| 20:20 | Crear | Villager (Male) |
| 20:24 | Crear | Scout Cavalry |
| 20:29 | Investigar | Fletching |
| 20:34 | Crear | Scout Cavalry |
| 20:38 | Crear | Scout Cavalry |
| 20:43 | Crear | Scout Cavalry |
| 20:45 | Crear | Archer |
| 20:47 | Crear | Villager (Male) |
| 20:48 | Crear | Scout Cavalry |
| 20:56 | Crear | Archer |
| 21:01 | Construir | House |
| 21:16 | Crear | Scout Cavalry |
| 21:27 | Investigar | Scale Barding Armor |
| 21:27 | Investigar | Scale Barding Armor |
| 21:28 | Crear | Villager (Male) |
| 21:33 | Crear | Villager (Male) |
| 21:48 | Crear | Scout Cavalry |
| 21:55 | Investigar | Forging |
| 22:06 | Crear | Scout Cavalry |
| 22:10 | Crear | Archer |
| 22:28 | Crear | Archer |
| 22:47 | Crear | Archer |
Build order — nW | Sgt.Pepper
Primeras 150 de 189 acciones detectadas
| 0:00 | Crear | Villager (Male) |
| 0:00 | Crear | Villager (Male) |
| 0:02 | Construir | House |
| 0:02 | Construir | House |
| 0:18 | Crear | Villager (Male) |
| 0:21 | Crear | Villager (Male) |
| 0:21 | Crear | Villager (Male) |
| 1:27 | Crear | Villager (Male) |
| 2:00 | Crear | Villager (Male) |
| 2:11 | Crear | Villager (Male) |
| 2:13 | Construir | Lumber Camp |
| 2:36 | Crear | Villager (Male) |
| 2:37 | Crear | Villager (Male) |
| 3:33 | Crear | Villager (Male) |
| 3:38 | Crear | Villager (Male) |
| 3:48 | Construir | House |
| 4:05 | Crear | Villager (Male) |
| 4:45 | Crear | Villager (Male) |
| 5:09 | Crear | Villager (Male) |
| 5:21 | Construir | Barracks |
| 5:46 | Crear | Villager (Male) |
| 6:00 | Crear | Villager (Male) |
| 6:01 | Investigar | Loom |
| 6:04 | Construir | House |
| 6:45 | Construir | Palisade Wall |
| 6:56 | Investigar | Feudal Age |
| 7:09 | Construir | Mining Camp |
| 7:29 | Crear | Militia |
| 7:29 | Crear | Militia |
| 7:52 | Crear | Militia |
| 8:12 | Construir | Mill |
| 8:19 | Crear | Militia |
| 8:27 | Crear | Villager (Male) |
| 8:56 | Crear | Villager (Male) |
| 9:01 | Construir | House |
| 9:02 | Construir | House |
| 9:16 | Edad | Edad Feudal |
| 9:17 | Investigar | Man-at-Arms (upgrade) |
| 9:43 | Construir | Farm |
| 9:45 | Crear | Villager (Male) |
| 10:02 | Construir | Blacksmith |
| 10:04 | Construir | Palisade Wall |
| 10:10 | Construir | Farm |
| 10:19 | Crear | Villager (Male) |
| 10:20 | Crear | Villager (Male) |
| 10:24 | Crear | Villager (Male) |
| 10:32 | Crear | Spearman |
| 10:33 | Crear | Militia |
| 10:58 | Construir | Palisade Wall |
| 11:01 | Construir | Palisade Wall |
| 11:03 | Crear | Militia |
| 11:26 | Crear | Villager (Male) |
| 11:27 | Crear | Militia |
| 11:33 | Crear | Spearman |
| 11:48 | Construir | Market |
| 11:54 | Construir | Palisade Wall |
| 12:02 | Crear | Villager (Male) |
| 12:04 | Construir | House |
| 12:11 | Crear | Villager (Male) |
| 12:23 | Construir | Palisade Gate |
| 12:24 | Crear | Villager (Male) |
| 12:29 | Construir | House |
| 12:51 | Construir | Farm |
| 12:52 | Construir | Farm |
| 12:52 | Crear | Villager (Male) |
| 13:09 | Construir | House |
| 13:09 | Construir | House |
| 13:10 | Crear | Villager (Male) |
| 13:11 | Construir | Farm |
| 13:29 | Investigar | Scale Mail Armor |
| 13:32 | Construir | Farm |
| 13:41 | Crear | Spearman |
| 13:49 | Construir | Farm |
| 13:58 | Crear | Villager (Male) |
| 14:06 | Construir | Farm |
| 14:12 | Construir | House |
| 14:15 | Crear | Villager (Male) |
| 14:25 | Crear | Militia |
| 14:29 | Construir | Farm |
| 14:36 | Crear | Villager (Male) |
| 14:38 | Construir | Farm |
| 14:44 | Crear | Militia |
| 14:59 | Crear | Militia |
| 15:07 | Crear | Militia |
| 15:18 | Crear | Militia |
| 15:27 | Crear | Villager (Male) |
| 15:49 | Crear | Villager (Male) |
| 15:49 | Crear | Militia |
| 15:51 | Crear | Militia |
| 16:01 | Crear | Villager (Male) |
| 16:10 | Crear | Villager (Male) |
| 16:14 | Construir | Mining Camp |
| 16:16 | Construir | Farm |
| 16:17 | Construir | Farm |
| 16:20 | Investigar | Double-Bit Axe |
| 16:33 | Construir | Farm |
| 16:39 | Crear | Villager (Male) |
| 16:50 | Investigar | Arson |
| 16:53 | Construir | Farm |
| 17:11 | Crear | Villager (Male) |
| 17:15 | Construir | Farm |
| 17:15 | Crear | Villager (Male) |
| 17:26 | Construir | Watch Tower |
| 17:45 | Crear | Villager (Male) |
| 17:45 | Crear | Villager (Male) |
| 18:03 | Construir | Watch Tower |
| 18:06 | Crear | Militia |
| 18:06 | Crear | Militia |
| 18:09 | Construir | Farm |
| 18:14 | Crear | Militia |
| 18:29 | Construir | Stone Wall |
| 18:31 | Construir | Stone Wall |
| 18:34 | Crear | Militia |
| 18:36 | Construir | Stone Wall |
| 19:22 | Crear | Villager (Male) |
| 19:24 | Construir | Farm |
| 19:25 | Construir | Farm |
| 19:25 | Construir | Farm |
| 19:29 | Crear | Militia |
| 19:36 | Crear | Militia |
| 19:42 | Construir | Farm |
| 19:44 | Construir | Farm |
| 19:47 | Construir | Farm |
| 19:49 | Crear | Villager (Male) |
| 19:51 | Investigar | Wheelbarrow |
| 20:02 | Crear | Villager (Male) |
| 20:04 | Construir | Farm |
| 20:22 | Construir | Watch Tower |
| 20:32 | Construir | Barracks |
| 20:36 | Construir | Watch Tower |
| 20:42 | Construir | Watch Tower |
| 20:46 | Crear | Villager (Male) |
| 21:13 | Construir | Stone Wall |
| 21:14 | Construir | Stone Wall |
| 21:15 | Construir | Stone Wall |
| 21:19 | Crear | Villager (Male) |
| 21:21 | Construir | Stone Wall |
| 21:23 | Construir | Stone Wall |
| 21:24 | Construir | Stone Wall |
| 21:42 | Construir | Lumber Camp |
| 21:49 | Construir | Stone Wall |
| 21:51 | Construir | Stone Wall |
| 21:57 | Construir | Stone Wall |
| 21:59 | Construir | Stone Wall |
| 22:14 | Construir | Stone Wall |
| 22:16 | Construir | Stone Wall |
| 22:18 | Construir | Stone Wall |
| 22:23 | Crear | Villager (Male) |
| 22:24 | Construir | Farm |
| 22:25 | Construir | Farm |
Cronología de la partida
| 4:28 | Dkastro · wall_segment Palisade Wall x1 |
| 4:29 | Dkastro · wall_segment Palisade Wall x1 |
| 4:29 | Dkastro · wall_segment Palisade Wall x1 |
| 5:21 | nW | Sgt.Pepper · first_building Barracks |
| 6:17 | Dkastro · wall_segment Palisade Wall x4 |
| 6:45 | nW | Sgt.Pepper · wall_segment Palisade Wall x3 |
| 7:18 | Dkastro · wall_segment Palisade Wall x5 |
| 7:19 | Dkastro · wall_segment Palisade Wall x1 |
| 7:52 | Dkastro · first_building Barracks |
| 8:53 | Dkastro · age_up feudal |
| 8:58 | Dkastro · first_building Stable |
| 9:16 | nW | Sgt.Pepper · age_up feudal |
| 10:04 | nW | Sgt.Pepper · wall_segment Palisade Wall x1 |
| 10:58 | nW | Sgt.Pepper · wall_segment Palisade Wall x13 |
| 11:01 | nW | Sgt.Pepper · wall_segment Palisade Wall x13 |
| 11:54 | nW | Sgt.Pepper · wall_segment Palisade Wall x2 |
| 12:09 | Dkastro · wall_segment Palisade Wall x1 |
| 13:40 | Dkastro · first_market_sell 100 stone |
| 13:42 | Dkastro · first_market_buy 100 food |
| 14:20 | Dkastro · wall_segment Palisade Wall x1 |
| 15:06 | Dkastro · wall_segment Palisade Wall x1 |
| 15:10 | Dkastro · wall_segment Palisade Wall x1 |
| 15:13 | Dkastro · wall_segment Palisade Wall x1 |
| 15:14 | Dkastro · wall_segment Palisade Wall x1 |
| 16:01 | Dkastro · first_building Archery Range |
| 16:10 | Dkastro · wall_segment Palisade Wall x1 |
| 16:14 | Dkastro · wall_segment Palisade Wall x1 |
| 16:32 | Dkastro · wall_segment Palisade Wall x1 |
| 18:29 | nW | Sgt.Pepper · wall_segment Stone Wall x1 |
| 18:31 | nW | Sgt.Pepper · wall_segment Stone Wall x1 |
| 18:36 | nW | Sgt.Pepper · wall_segment Stone Wall x1 |
| 21:13 | nW | Sgt.Pepper · wall_segment Stone Wall x1 |
| 21:14 | nW | Sgt.Pepper · wall_segment Stone Wall x1 |
| 21:15 | nW | Sgt.Pepper · wall_segment Stone Wall x1 |
| 21:21 | nW | Sgt.Pepper · wall_segment Stone Wall x1 |
| 21:23 | nW | Sgt.Pepper · wall_segment Stone Wall x1 |
| 21:24 | nW | Sgt.Pepper · wall_segment Stone Wall x1 |
| 21:49 | nW | Sgt.Pepper · wall_segment Stone Wall x1 |
| 21:51 | nW | Sgt.Pepper · wall_segment Stone Wall x1 |
| 21:57 | nW | Sgt.Pepper · wall_segment Stone Wall x1 |
| 21:59 | nW | Sgt.Pepper · wall_segment Stone Wall x1 |
| 22:14 | nW | Sgt.Pepper · wall_segment Stone Wall x1 |
| 22:16 | nW | Sgt.Pepper · wall_segment Stone Wall x1 |
| 22:18 | nW | Sgt.Pepper · wall_segment Stone Wall x1 |
| 22:38 | nW | Sgt.Pepper · wall_segment Stone Wall x1 |
| 22:40 | nW | Sgt.Pepper · wall_segment Stone Wall x1 |
| 22:42 | nW | Sgt.Pepper · wall_segment Stone Wall x1 |
| 23:29 | nW | Sgt.Pepper · wall_segment Stone Wall x1 |
| 25:24 | nW | Sgt.Pepper · age_up castle |
| 25:31 | Dkastro · resign |
[ ANÁLISIS IA · 1 CRÉDITO ]
¿Qué pasó realmente en esta partida?
Wolo.gg analiza cada decisión: build order, eco, micro, errores típicos por bracket. Análisis personalizado por WhatsApp o Discord en 30 segundos.
Guía civ
Wei
Perfil
Dkastro